 Dungeon Crawl Stone Soup version 0.31.0-11-ge490571c62 (webtiles) character file.

Game seed: 14553920976822068632

412 browni3141 the Chopper (level 6, -11/56 HPs)
             Began as a Minotaur Fighter on Jan 28, 2024.
             Killed from afar by a steam dragon (12 damage)
             ... with a ball of steam
             ... on level 6 of the Dungeon.
             The game lasted 00:01:02 (2582 turns).

browni3141 the Chopper (Minotaur Fighter)           Turns: 2582, Time: 00:01:03

Health: -11/56     AC:  7    Str: 22    XL:     6   Next: 59%
Magic:  5/5        EV:  9    Int:  5    God:
Gold:   235        SH:  5    Dex: 10    Spells: 5/5 levels left

rFire   . . .        a - +0 war axe
rCold   . . .        c - +0 buckler
rNeg    . . .        b - +0 scale mail
rPois   .            (helmet restricted)
rElec   .            (no cloak)
rCorr   .            (no gloves)
SInv    .            (no boots)
Will    .....        (no amulet) Stlth
                     (no ring)
HPRegen 0.29/turn    (no ring)
MPRegen 0.09/turn

%: no passive effects
@: no status effects
A: horns 2, retaliatory headbutt
a: no special abilities


You were on level 6 of the Dungeon.
You visited 1 branch of the dungeon, and saw 5 of its levels.

You collected 235 gold pieces.

Inventory:

Hand Weapons
 a - a +0 war axe (weapon)
Missiles
 l - 5 javelins (quivered)
Armour
 b - a +0 scale mail (worn)
 c - a +0 buckler (worn)
Jewellery
 k - a ring of magical power
Scrolls
 e - 2 scrolls of teleportation {unknown}
 h - 2 scrolls of immolation {unknown}
 i - 2 scrolls of poison {unknown}
 m - a scroll of acquirement {unknown}
Potions
 d - 2 potions of might
 f - a potion of heal wounds {unknown}
 g - 2 potions of curing {unknown}
 j - a potion of enlightenment {unknown}
 n - a potion of lignification {unknown}


   Skills:
 + Level 5.1 Fighting
 * Level 5.7 Axes
 + Level 5.1 Armour
 + Level 5.2 Shields


You had 5 spell levels left.
You didn't know any spells.
Your spell library contained the following spells:

 Spells                   Type           Power      Damage    Failure   Level
 Summon Small Mammal      Summ           0%         N/A       85%         1
 Call Canine Familiar     Summ           0%         N/A       99%         3
 Summon Blazeheart Golem  Fire/Summ      0%         N/A       100%        4


Dungeon Overview and Level Annotations

Branches:
Dungeon (4/15)
 Temple: D:4-7

Altars:
Dithmenos
Fedhas
Gozag
Makhleb
Ru
Trog
Vehumet
Xom


Innate Abilities, Weirdness & Mutations

You have a pair of horns on your head.
You reflexively headbutt those who attack you in melee.


Message History

2 orcs come into view.
The orc shouts!
You hear a shout!
There are monsters nearby!
An orc comes into view. It is wielding a +0 trident.
There are monsters nearby!
There are monsters nearby!
You barely miss the orc. The orc hits you with a +0 flail.
An orc comes into view. It is wielding a +0 flail.
There are monsters nearby!
The orc shouts!
You slash the orc!
You kill the orc!
You closely miss the orc. You headbutt the orc.
The orc is severely wounded.
The orc hits you from afar with a +0 trident.
You hit the orc.
You kill the orc!
The orc hits you from afar with a +0 trident.
You block the orc's attack.
Things that are here:
a +0 whip; an orc corpse You closely miss the orc.
You block the orc's attack. x2
The orc hits you with a +0 trident.
You hit the orc but do no damage. You headbutt the orc!
You kill the orc!
You barely miss the orc. The orc barely misses you. You block the orc's attack.
Things that are here:
a +0 trident; a +0 ring mail You barely miss the orc.
Your headbutt misses the orc. The orc hits you with a +0 flail.
The orc hits you with a +0 flail.
You closely miss the orc. The orc barely misses you. You furiously retaliate!
You headbutt the orc, but do no damage.
An orc is nearby!
An orc is nearby!
You barely miss the orc. Your headbutt misses the orc.
The orc hits you with a +0 flail.
An orc is nearby!
You barely miss the orc. You block the orc's attack. x2
You completely miss the orc. The orc hits you with a +0 flail.
You barely miss the orc. Your headbutt misses the orc.
The orc hits you but does no damage.
An orc is nearby!
An orc is nearby!
An orc is nearby!
You hit the orc but do no damage. Your headbutt misses the orc.
The orc misses you. You furiously retaliate!
You headbutt the orc, but do no damage. You barely miss the orc.
You headbutt the orc!
You kill the orc!
You see here a +0 flail.
Things that are here:
a +0 flail; an orc corpse A steam dragon comes into view.
A steam dragon is nearby!
A steam dragon is nearby!
The steam dragon barely misses you. The steam dragon closely misses you.
A steam dragon is nearby!
A steam dragon is nearby!
You barely miss the steam dragon.
You headbutt the steam dragon, but do no damage.
You block the steam dragon's attack. x2
You barely miss the steam dragon. Your headbutt misses the steam dragon.
You block the steam dragon's attack. The steam dragon closely misses you.
You barely miss the steam dragon. The steam dragon breathes steam at you.
The ball of steam hits you.
You closely miss the steam dragon.
You are engulfed in a cloud of scalding steam.
The steam dragon bites you!
The steam dragon claws you but does no damage.
The steam dragon bites you. The steam dragon closely misses you.
You slash the steam dragon!
The steam dragon is moderately wounded.
You are engulfed in a cloud of scalding steam.
The steam dragon bites you. The steam dragon barely misses you.
You hit the steam dragon. Your headbutt misses the steam dragon.
The steam dragon is moderately wounded.
You block the steam dragon's attack.
The steam dragon claws you but does no damage.
You hit the steam dragon.
The steam dragon is heavily wounded.
You are engulfed in a cloud of scalding steam.
The steam dragon bites you but does no damage.
The steam dragon claws you but does no damage.
You barely miss the steam dragon.
The steam dragon is heavily wounded.
You block the steam dragon's attack. The steam dragon claws you.
The steam dragon bites you.
The steam dragon claws you but does no damage.
You hit the steam dragon but do no damage.
The steam dragon is heavily wounded.
The steam dragon bites you but does no damage.
The steam dragon barely misses you.
You barely miss the steam dragon.
The steam dragon is heavily wounded.
The steam dragon breathes steam at you. The ball of steam hits you!
You die...

#.# #.#.#####....#
#.#####....#...####
#.....##...#...#
###.########.####...#.#
#.......))....####.##.#
#.......).)........##.#
....####.###..#######.#
#.. #.###..#### #.# .
#.#...@...# #.#
........D..# .#
##.#...$....#
#.#(......#...
#.#........###
#...[...## #.......#
###.###.#


You could see a steam dragon (catching breath).

Vanquished Creatures
  Sigmund (D:2)
  An ogre (D:6)
  A bombardier beetle (D:3)
  An iguana (D:6)
  2 adders (D:4)
  A ribbon worm (D:4)
  4 dart slugs
  4 orcs (D:6)
  7 endoplasms
  2 giant cockroaches (D:4)
  3 goblins (D:1)
  6 hobgoblins
  3 jackals (D:3)
  5 quokkas
  5 ball pythons
  3 bats (D:2)
  3 frilled lizards
  10 kobolds
  4 rats
66 creatures vanquished.

Notes
Turn   | Place    | Note
-------+----------+-------------------------------------------
     0 | D:1      | browni3141 the Minotaur Fighter began the quest for the
                  | Orb.
     0 | D:1      | Reached XP level 1. HP: 19/19 MP: 0/0
    80 | D:1      | Reached XP level 2. HP: 27/27 MP: 1/1
   355 | D:1      | Reached XP level 3. HP: 29/33 MP: 2/2
   565 | D:2      | Noticed Sigmund
   581 | D:2      | Killed Sigmund
   582 | D:2      | Reached XP level 4. HP: 20/41 MP: 3/3
   582 | D:2      | Reached XP level 5. HP: 23/47 MP: 4/4
  1590 | D:3      | Reached skill level 5 in Axes
  1939 | D:4      | Reached XP level 6. HP: 45/55 MP: 5/5
  2058 | D:4      | Found a blossoming altar of Fedhas.
  2060 | D:4      | Found a shimmering altar of Xom.
  2061 | D:4      | Found a radiant altar of Vehumet.
  2061 | D:4      | Found a burning altar of Makhleb.
  2062 | D:4      | Found a shadowy altar of Dithmenos.
  2062 | D:4      | Found a bloodstained altar of Trog.
  2063 | D:4      | Found a sacrificial altar of Ru.
  2063 | D:4      | Found an opulent altar of Gozag.
  2075 | D:4      | You fall into a shaft and drop 2 floors!
  2106 | D:6      | Reached skill level 5 in Shields
  2216 | D:6      | Reached skill level 5 in Fighting
  2216 | D:6      | Reached skill level 5 in Armour
  2569 | D:6      | Noticed a steam dragon
  2580 | D:6      | HP: 1/56 [steam dragon (5)]
  2582 | D:6      | Killed from afar by a steam dragon

Illustrated notes

Levels and vault maps discovered:
D:1:      lemuel_arrival_behind_the_door_large, layout_rooms,
          chequers_serial_rivers_micro_a, interstate_on_off
D:2:      layout_basic, uniq_sigmund
D:3:      layout_loops_ring, dk_noncrumbling_3
D:4:      layout_rooms, grunt_temple_overflow_open
D:6:      layout_loops_ring, hangedman_decor_opposing, dk_vineyard_3,
          minmay_quadrilaterals

Skill      XL: |  1  2  3  4  5  6 |
---------------+-------------------+-----
Axes           | 3 4 5 |  5.7
Armour         | 4 5 |  5.1
Fighting       | 4 5 |  5.1
Shields        | 4 5 |  5.2

Action                     |  1- 3 |  4- 6 || total
---------------------------+-------+-------++-------
  Melee: War axe           |    52 |   100 ||   152
         Headbutt          |    11 |    17 ||    28
 Armour: Scale mail        |    22 |    77 ||    99
  Dodge: Dodged            |    25 |    34 ||    59
  Block: Buckler           |    11 |    27 ||    38
